 Dungeon Crawl Stone Soup version 0.32-a0-520-g344ed53f66 (webtiles) character file.

Game seed: 12526862991444284454

2042143 gimp the Sorcerer (level 26, 162/162 HPs)
             Began as a Deep Elf Ice Elementalist on Feb 27, 2024.
             Was the Champion of Vehumet.
             Escaped with the Orb
             ... and 4 runes on Feb 28, 2024!
             The game lasted 03:13:54 (87500 turns).

gimp the Sorcerer (Deep Elf Ice Elementalist)      Turns: 87500, Time: 03:13:55

Health: 162/162    AC: 14    Str:  4    XL:     26   Next: 96%
Magic:  63/63      EV: 28    Int: 37    God:    Vehumet [******]
Gold:   1799       SH: 20    Dex: 22    Spells: 6/75 levels left

rFire   + + .        b - staff of Victory {rElec Int+2 Dex+2 Tloc Air}
rCold   + + .        e - +5 Storm Queen's Shield {shock, Fly rElec}
rNeg    + + .        R - +2 robe {rC+ rF+}
rPois   +            Y - +2 helmet
rElec   +            A - +2 ratskin cloak {*Rats rPois rN+ Str-1 Int-1 Dex+1}
rCorr   .            Q - +0 pair of gloves "Moabuec" {rF++}
SInv    +            P - +2 pair of boots {Stlth+}
Will    +++..        d - dreamshard necklace {Acrobat *Dream}
Stlth   +            r - ring "Etzi Muat" {Will+ MP+9 Dex+4}
HPRegen 0.47/turn    M - ring "Emeyjehut" {Ice rN+ Int+3 Slay+3 SInv}
MPRegen 0.38/turn

%: acrobat
@: flying, studying 2 skills
A: inability to drink after injury 1, inability to read after injury 1
0: Orb of Zot
}: 4/15 runes: decaying, serpentine, slimy, silver
a: Renounce Religion


You escaped.
You worshipped Vehumet.
Vehumet was exalted by your worship.
You visited 10 branches of the dungeon, and saw 52 of its levels.
You visited 1 bazaar.
You also visited: Ice Cave.

You collected 7425 gold pieces.
You spent 5626 gold pieces at shops.

Inventory:

Missiles
 f - 30 curare-tipped darts
 o - 9 throwing nets
Armour
 e - the +5 Storm Queen's Shield (worn) {shock, Fly rElec}
   (You found it on level 5 of the Vaults)

   Shock:     When it blocks an attack, it may electrocute the attacker.
   This works even against foes who are a short distance away.
   rElec:     It insulates you from electricity.
   Fly:       It grants you flight.
 A - the +2 ratskin cloak (worn) {*Rats rPois rN+ Str-1 Int-1 Dex+1}
   (You found it on level 5 of the Dungeon)

   *Rats:     When the wearer is hurt, rats may emerge from it to assist them.
   Str-1:     It affects your strength (-1).
   Int-1:     It affects your intelligence (-1).
   Dex+1:     It affects your dexterity (+1).
   rPois:     It protects you from poison rN+: It protects you from negative
   energy.
 P - a +2 pair of boots of stealth (worn)
 Q - the +0 pair of gloves "Moabuec" (worn) {rF++}
   (You found it in an ice cave)

   rF++:      It greatly protects you from fire.
 R - a +2 robe of resistance (worn)
 Y - a +2 helmet (worn)
Magical Staves
 a - a staff of cold
 b - the staff of Victory (weapon) {rElec Int+2 Dex+2 Tloc Air}
   (You found it on level 11 of the Dungeon)

   [staff of air]

   Base accuracy: +5 Base damage: 5 Base attack delay: 1.2 This weapon's minimum
   attack delay (0.6) is reached at skill level 12.
   Int+2:     It affects your intelligence (+2).
   Dex+2:     It affects your dexterity (+2).
   rElec:     It insulates you from electricity.
   Tloc:      It increases the power of your Translocations spells.
   Air:       It increases the power of your Air spells.
   It falls into the 'Staves' category.
   It is a one-handed weapon.
 c - the staff "Xirchi" {rC+ rN+ Summ Tloc Earth}
   (You found it on level 5 of the Pits of Slime)

   [staff of earth]

   Base accuracy: +5 Base damage: 5 Base attack delay: 1.2 This weapon's minimum
   attack delay (0.6) is reached at skill level 12.
   rC+:       It protects you from cold.
   rN+:       It protects you from negative energy.
   Summ:      It increases the power of your Summonings spells.
   Tloc:      It increases the power of your Translocations spells.
   Earth:     It increases the power of your Earth spells.
   It falls into the 'Staves' category.
   It is a one-handed weapon.
Jewellery
 d - the dreamshard necklace (around neck) {Acrobat *Dream}
   (You found it on level 2 of the Realm of Zot)

   [amulet of the acrobat]

   *Dream:    It absorbs a single lethal wound into itself, holding its wearer
   just short of death and releasing dream-creatures to guard them.
   Acrobat:   It increases your evasion while moving and waiting.
 n - a ring of resist corrosion
 r - the ring "Etzi Muat" (left hand) {Will+ MP+9 Dex+4}
   (You took it off a deep elf death mage on level 3 of the Elven Halls)

   [ring of magical power]

   Dex+4:     It affects your dexterity (+4).
   Will+:     It increases your willpower.
   MP+9:      It affects your magic capacity (+9).
 x - a ring of see invisible
 F - the ring of Guhojuda {Fly rN+}
   (You found it on level 5 of the Dungeon)

   [ring of flight]

   rN+:       It protects you from negative energy.
   Fly:       It grants you flight.
 G - a +6 ring of intelligence
 K - a ring of protection from cold
 M - the ring "Emeyjehut" (right hand) {Ice rN+ Int+3 Slay+3 SInv}
   (You took it off Josephina on level 1 of the Realm of Zot)

   [ring of ice]

   Ice:       It enhances your ice magic.
   Int+3:     It affects your intelligence (+3).
   Slay+3:    It affects your accuracy & damage with ranged weapons and melee
   (+3).
   rF-:       It makes you vulnerable to fire.
   rC+:       It protects you from cold.
   rN+:       It protects you from negative energy.
   SInv:      It lets you see invisible.
 W - an amulet of magic regeneration
 Z - the ring "Keopim" {rPois MP+9 Str+3}
   (You took it off an ironbound preserver on level 5 of the Vaults)

   [ring of poison resistance]

   Str+3:     It affects your strength (+3).
   rPois:     It protects you from poison MP+9: It affects your magic capacity
   (+9).
Wands
 v - a wand of warping (38)
 y - a wand of flame (160)
 B - a wand of digging (17)
 U - a wand of light (38)
Scrolls
 h - 27 scrolls of teleportation
 i - 5 scrolls of summoning
 m - 13 scrolls of fear
 t - 5 scrolls of blinking
 w - 2 scrolls of enchant armour
 H - 7 scrolls of poison
 J - 4 scrolls of revelation
 S - 10 scrolls of fog
 T - a scroll of acquirement
 V - 3 scrolls of amnesia
Potions
 g - 34 potions of curing
 k - 7 potions of mutation
 l - 3 potions of cancellation
 p - 5 potions of ambrosia
 q - 3 potions of invisibility
 s - 9 potions of brilliance
 z - 3 potions of haste
 C - 9 potions of enlightenment
 E - 5 potions of resistance
 I - 3 potions of magic
 O - 19 potions of heal wounds
Miscellaneous
 j - a sack of spiders
 u - a phantom mirror
 D - a condenser vane
 L - a phial of floods
 X - a lightning rod (4/4)


   Skills:
 + Level 15.7 Fighting
 + Level 21.9 Dodging
 - Level 2.4 Stealth
 - Level 16.0 Shields
 - Level 25.0 Spellcasting
 - Level 22.0 Conjurations
 - Level 6.0 Summonings
 - Level 17.0 Fire Magic
 - Level 14.0 Ice Magic
 - Level 22.0 Air Magic
 - Level 10.0 Earth Magic
 - Level 5.0 Alchemy


You had 6 spell levels left.
You knew the following spells:

 Your Spells              Type           Power      Damage    Failure   Level
a - Bombard               Conj/Erth      52%        9d9       1%          6
b - Ignition              Fire           53%        3d15      2%          8
c - Maxwell's Capacitive  Air            71%        ∞         1%          8
d - Orb of Destruction    Conj           59%        9d14      1%          7
e - Ozocubu's Armour      Ice            100%       N/A       0%          3
f - Chain Lightning       Conj/Air       71%        3d95      5%          9
g - Blink                 Tloc           100%       N/A       2%          2
i - Fireball              Conj/Fire      56%        3d22      0%          5
j - Irradiate             Conj/Alch      49%        3d28      1%          5
l - Ozocubu's Refrigerat  Ice            61%        4d21      1%          7
m - Stone Arrow           Conj/Erth      100%       3d13      0%          3
n - Plasma Beam           Fire/Air       68%        2x1d85    1%          6

Your spell library contained the following spells:

 Spells                   Type           Power      Damage    Failure   Level
 Shatter                  Erth           44%        3d34*     99%         9
 Foxfire                  Conj/Fire      100%       2x1d9     0%          1
 Freeze                   Ice            100%       1d10      0%          1
 Magic Dart               Conj           100%       1d8       0%          1
 Shock                    Conj/Air       100%       1d9       0%          1
 Sting                    Conj/Alch      100%       1d9       0%          1
 Mercury Vapours          Alch/Air       100%       N/A       0%          2
 Searing Ray              Conj           100%       2d8       0%          2
 Static Discharge         Conj/Air       100%       3-8/arc   0%          2
 Frozen Ramparts          Ice            100%       1d16      0%          3
 Hailstorm                Conj/Ice       100%       3d16      0%          3
 Mephitic Cloud           Conj/Alch/Air  100%       N/A       0%          3
 Swiftness                Air            100%       N/A       0%          3
 Airstrike                Air            71%        2d(11-27) 0%          4
 Brom's Barrelling Bould  Conj/Erth      100%       2d11      0%          4
 Flame Wave               Conj/Fire      100%       2d21      0%          4
 Arcjolt                  Conj/Air       71%        1d81      0%          5
 Freezing Cloud           Conj/Ice/Air   81%        6-21      0%          5
 Iskenderun's Battlesphe  Conj           100%       2d15      0%          5
 Sandblast                Erth           100%       2d20      1%          1
 Slow                     Hex            100%       N/A       1%          1
 Call Imp                 Summ           100%       N/A       1%          2
 Cigotuvi's Dreadful Rot  Necr/Alch/Air  100%       N/A       1%          2
 Ensorcelled Hibernation  Hex/Ice        100%       N/A       1%          2
 Momentum Strike          Conj/Tloc      100%       3d10      1%          2
 Call Canine Familiar     Summ           74%        N/A       1%          3
 Dazzling Flash           Conj/Hex       100%       N/A       1%          3
 Inner Flame              Hex/Fire       83%        N/A       1%          3
 Passwall                 Erth           88%        N/A       1%          3
 Summon Ice Beast         Ice/Summ       100%       N/A       1%          3
 Volatile Blastmotes      Fire/Tloc      100%       2d18      1%          3
 Animate Armour           Summ/Erth      100%       N/A       1%          4
 Fulminant Prism          Conj/Alch      49%        3d21      1%          4
 Ignite Poison            Fire/Alch      91%        N/A       1%          4
 Iskenderun's Mystic Bla  Conj/Tloc      100%       2d19      1%          4
 Olgreb's Toxic Radiance  Alch           70%        N/A       1%          4
 Petrify                  Alch/Erth      80%        N/A       1%          4
 Sticky Flame             Fire/Alch      91%        2d14      1%          4
 Summon Blazeheart Golem  Fire/Summ      92%        N/A       1%          4
 Summon Lightning Spire   Summ/Air       100%       N/A       1%          4
 Vhi's Electric Charge    Tloc/Air       100%       N/A       1%          4
 Lee's Rapid Deconstruct  Erth           44%        3d21*     1%          5
 Silence                  Hex/Air        56%        N/A       1%          5
 Conjure Ball Lightning   Conj/Air       71%        3x3d26    1%          6
 Starburst                Conj/Fire      56%        6d15      1%          6
 Jinxbite                 Hex            92%        N/A       2%          2
 Lesser Beckoning         Tloc           100%       N/A       2%          2
 Sublimation of Blood     Necr           46%        N/A       2%          2
 Confusing Touch          Hex            46%        N/A       4%          3
 Fugue of the Fallen      Necr           46%        N/A       4%          3
 Sigil of Binding         Hex            46%        N/A       4%          3
 Tukima's Dance           Hex            46%        N/A       4%          3
 Vampiric Draining        Necr           46%        2d9       4%          3
 Martyr's Knell           Necr/Summ      62%        N/A       4%          4
 Yara's Violent Unravell  Hex/Alch       29%        3d12      4%          5
 Borgnjor's Vile Clutch   Necr/Erth      35%        N/A       5%          5
 Summon Mana Viper        Hex/Summ       62%        N/A       12%         5
 Anguish                  Hex/Necr       23%        N/A       14%         4
 Animate Dead             Necr           46%        N/A       14%         4
 Dimensional Bullseye     Hex/Tloc       31%        N/A       14%         4
 Dispel Undead            Necr           46%        3d18      14%         4
 Manifold Assault         Tloc           62%        N/A       14%         4
 Passage of Golubria      Tloc           62%        N/A       14%         4
 Curse of Agony           Necr           46%        N/A       38%         5
 Death Channel            Necr           23%        N/A       92%         6
 Dispersal                Tloc           31%        N/A       92%         6
 Lehudib's Crystal Spear  Conj/Erth      52%        10d12     4%          8
 Summon Hydra             Summ           37%        N/A       71%         7
 Haunt                    Necr/Summ      31%        N/A       98%         7
 Enfeeble                 Hex            23%        N/A       100%        7
 Borgnjor's Revivificati  Necr           23%        N/A       100%        8
 Discord                  Hex            23%        N/A       100%        8
 Disjunction              Tloc           31%        N/A       100%        8
 Death's Door             Necr           23%        N/A       100%        9
 Dragon's Call            Summ           37%        N/A       100%        9


Dungeon Overview and Level Annotations

Branches:
Dungeon (15/15)            Temple (0/1) D:6            Lair (5/5) D:8
  Swamp (4/4) Lair:3        Snake (4/4) Lair:2        Slime (5/5) Lair:5
    Orc (2/2) D:9             Elf (3/3) Orc:2        Vaults (5/5) D:13
  Crypt (0/3) Vaults:2     Depths (4/4) D:15            Zot (5/5) Depths:4
  IceCv (visited)

Altars:
Elyvilon
Fedhas
Gozag
Hepliaklqana
Kikubaaqudgha
Nemelex Xobeh
Qazlal
Ru
Sif Muna
Trog
Uskayaw
Vehumet
Wu Jian
Xom
Yredelemnul
Zin
Beogh
Jiyva

Shops:
D:1 ?   D:7 (   D:9 :   Orc:2 [:(:   Snake:1 =:=   Vaults:2 ((?   Vaults:5 ????
Depths:1 (   Depths:3 :

Portals:
Hell: Depths:1 Depths:2 Depths:3 Depths:4
Abyss: Depths:3 Depths:4
Pandemonium: Depths:2
Ziggurat: Depths:3

Annotations:
D:8 3 runed translucent doors, exclusion: 3 doors
Lair:4 exclusions: oklob plant and 1 more exclusion
Elf:2 3 runed translucent doors, exclusion: 3 doors
Depths:4 1 runed translucent door, exclusion: door, Jajuenucs's ghost, veteran GnWn
Zot:5 1 exclusion


Innate Abilities, Weirdness & Mutations

You occasionally lose the ability to drink potions when taking damage.
You occasionally lose the ability to read scrolls when taking damage.


Message History

Casting: Bombard (mildly dangerous; 1% risk of failure)
Confirm with . or Enter, or press ? or * to list all spells.
Aiming: Bombard (mildly dangerous; 1% risk of failure)
Press: ? - help, Shift-Dir - straight line, f/p - Orb Guardian
Aim: an Orb Guardian (moderately wounded, 71% to hit)
The iron shot hits the Orb Guardian!!!
You kill the Orb Guardian!
Vehumet accepts your kill.
You feel your power returning.
You now have 43/63 mp.
A green death comes into view.
You regained 2 mp, and now have 45/63 mp.
The green death gestures at you. You block the poison arrow.
The green death gestures at you.
The blast of poison is repelled.
A toenail golem comes into view.
You see here 3 atropa-tipped darts.
You block the toenail golem's attack. The green death gestures at you.
You block the toenail golem's attack.
There is an escape hatch in the ceiling here.
You block the toenail golem's attack. A mysterious force pulls you upwards.
The hatch slams shut behind you.
Casting: Bombard (mildly dangerous; 1% risk of failure)
Confirm with . or Enter, or press ? or * to list all spells.
Aiming: Bombard (mildly dangerous; 1% risk of failure)
Press: ? - help, Shift-Dir - straight line, f - toenail golem
Aim: a toenail golem (93% to hit)
The iron shot hits the toenail golem!!!
The toenail golem is severely damaged.
You block the toenail golem's attack.
You now have 44/63 mp.
Casting: Bombard (mildly dangerous; 1% risk of failure)
Confirm with . or Enter, or press ? or * to list all spells.
Aiming: Bombard (mildly dangerous; 1% risk of failure)
Press: ? - help, Shift-Dir - straight line, f/p - toenail golem
Aim: a toenail golem (severely damaged, haloed, 95% to hit)
The iron shot hits the toenail golem!!!
You destroy the toenail golem!
Vehumet accepts your kill.
You feel your power returning. The blast sends you backwards.
You now have 39/63 mp.
A toenail golem comes into view.
You regained 2 mp, and now have 41/63 mp.
Casting: Bombard (mildly dangerous; 1% risk of failure)
Confirm with . or Enter, or press ? or * to list all spells.
Aiming: Bombard (mildly dangerous; 1% risk of failure)
Press: ? - help, Shift-Dir - straight line, f - toenail golem
Aim: a toenail golem (93% to hit)
The iron shot hits the toenail golem!!!
The toenail golem is severely damaged.
You now have 36/63 mp.
Casting: Bombard (mildly dangerous; 1% risk of failure)
Confirm with . or Enter, or press ? or * to list all spells.
Aiming: Bombard (mildly dangerous; 1% risk of failure)
Press: ? - help, Shift-Dir - straight line, f/p - toenail golem
Aim: a toenail golem (severely damaged, 93% to hit)
The iron shot hits the toenail golem!!!
You destroy the toenail golem!
Vehumet accepts your kill.
You feel your power returning.
You now have 32/63 mp.
There is a stone staircase leading up here.
You fly upwards.
There is a stone staircase leading down here.
You see here a +0 ring mail.
You see here an adder skeleton.
There is a stone staircase leading up here.
You fly upwards.
There is a stone staircase leading down here.
There is a stone staircase leading up here.
You fly upwards.
There is a stone staircase leading down here.
There is a stone staircase leading up here.
You fly upwards.
There is a stone staircase leading down here.
Magic restored.
There is a stone staircase leading up here.
You fly upwards.
There is a stone staircase leading down here.
There is a stone staircase leading up here.
You fly upwards.
There is a stone staircase leading down here.
A tormentor comes into view.
MP restored: 63 You see here a hobgoblin skeleton.
Blink to where?
Press: ? - help, Dir - move target
As you read the scroll of blinking, it crumbles to dust.
Blink to where?
Press: ? - help, Dir - move target, f - you
Okay, then.
Blink to where?
Press: ? - help, Dir - move target
As you read the scroll of blinking, it crumbles to dust.
Blink to where?
Press: ? - help, Dir - move target
As you read the scroll of blinking, it crumbles to dust.
You have escaped!

#.#
#........'.....[......#.
#.#
#........##############'
#.#
#.......................
#.#
#######§##############..
#.# #...##(..##...#
##... #†#
#.#.....[...#.# ####....
#.# #.##..#'#..##.#
#....... #.#
#..####⌠####..###.###...
#.# #ß..++⌠@⌠++..ß#...#
#... #.#
#..####⌠####....### #...
#.# #.##..#+#..##..##
#### #.#
#.#.........#..#
#.###...##...#.....#
#####.......#.......>..#
#..................#.###
##+##...###########.#.#
..........## #.#.#


There were no monsters in sight!

Vanquished Creatures
  the Royal Jelly (Slime:5)
  2 dread liches
  7 ancient liches
  3 orbs of fire (Zot:5)
  Mara (Vaults:5)
  A juggernaut (Depths:4)
  Sojobo (Vaults:5)
  5 Killer Klowns
  Bai Suzhen (Vaults:4)
  Parghit (Zot:4)
  Josephina (Zot:1)
  Saint Roka (Snake:3)
  Margery (Vaults:5)
  4 curse toes
  13 golden dragons
  4 electric golems
  An iron giant (Depths:1)
  Rupert (D:12)
  Jorgrun (D:13)
  A hellephant (Vaults:5)
  23 tentacled monstrosities
  27 Orb Guardians
  3 liches
  5 quicksilver dragons
  2 titans
  2 deep elf blademasters (Elf:3)
  3 deep elf master archers (Elf:3)
  Asterion (Vaults:2)
  An ancient champion (Vaults:2)
  16 acid blobs
  8 sphinxes
  4 death cobs
  19 storm dragons
  Donald (Swamp:1)
  15 shadow dragons
  Roxanne (Elf:3)
  5 tengu reavers (Vaults:5)
  Agnes (Vaults:2)
  9 nagarajas (Snake:4)
  5 draconian knights
  Aizul (Snake:3)
  10 draconian monks
  15 rockslimes
  6 fire giants
  8 frost giants
  3 protean progenitors
  6 deep elf sorcerers (Elf:3)
  9 azure jellies
  5 draconian shifters
  A ghoul (Swamp:4)
  6 draconian scorchers
  4 iron dragons
  2 ghost moths
  21 vault wardens
  11 deep elf elementalists
  25 ironbound preservers
  18 stone giants
  8 quicksilver oozes
  6 orc warlords
  3 draconian stormcallers
  17 very ugly things
  3 spriggan defenders
  9 draconian annihilators
  6 vampire knights
  9 ironbound thunderhulks
  12 formless jellyfish
  11 green draconians
  7 deep elf death magi
  2 eleionomae
  20 purple draconians
  11 black draconians
  5 bunyips
  12 dire elephants
  5 deep elf annihilators
  Nessos (D:12)
  6 deep elf demonologists
  15 white draconians
  13 red draconians
  5 war gargoyles
  6 yellow draconians
  2 blizzard demons
  14 ettins
  Snorg (D:12)
  An eidolon (Vaults:2)
  A shambling mangrove (Swamp:4)
  A crystal guardian (Vaults:2)
  A green death (Depths:4)
  18 yaktaur captains
  5 deep elf high priests
  3 fire dragons
  2 entropy weavers
  19 hydras
  34 vault guards
  11 ice dragons
  3 peacekeepers
  5 rakshasas
  12 great orbs of eyes
  3 ogre magi
  3 ghost crabs
  A salamander tyrant (Snake:2)
  A hell beast (Depths:4)
  3 spriggan air magi
  3 catoblepae (Lair:5)
  6 alligators
  10 anacondas
  9 centaur warriors
  10 ironbound frosthearts
  14 two-headed ogres
  3 boulder beetles
  20 dancing weapons
  9 deep troll earth magi
  6 deep troll shamans
  Urug (Orc:2)
  2 vampire magi
  14 shock serpents
  2 occultists (Depths:1)
  10 death yaks (Lair:5)
  A spriggan berserker (Depths:3)
  7 tengu warriors
  17 naga sharpshooters
  3 hell knights (Vaults:5)
  16 deep elf knights
  19 naga warriors
  A sun demon (Depths:2)
  17 spriggans
  4 orc high priests
  7 iron trolls
  2 sixfirhies (Zot:4)
  2 salamander mystics
  2 skysharks
  2 goliath frogs
  66 deep trolls
  A glowing orange brain (shapeshifter) (Vaults:5)
  4 skeletal warriors
  3 mana vipers
  2 death drakes (Depths:4)
  2 flayed ghosts
  9 arcanists
  Lodul (D:14)
  An orange crystal statue (IceCv)
  18 orc knights
  18 swamp dragons
  A spriggan druid (Swamp:1)
  4 glowing orange brains
  7 lindwurms
  6 sea snakes (Snake:4)
  A mana viper (shapeshifter) (Depths:1)
  7 bog bodies
  5 naga ritualists
  22 ironbound convokers
  3 thermic dynamos (Elf:1)
  5 harpies
  11 deep elf archers
  20 deep elf zephyrmancers
  24 deep elf pyromancers
  2 phantasmal warriors (Vaults:5)
  3 necromancers
  6 shining eyes
  45 ugly things
  6 manticores
  7 orc sorcerers
  A fire giant zombie (Vaults:4)
  A faun (Zot:3)
  8 cyclopes
  A shining eye (shapeshifter) (Vaults:5)
  A steelbarb worm (shapeshifter) (Vaults:5)
  22 moths of wrath
  A wolf spider (D:15)
  A molten gargoyle (Lair:4)
  18 salamanders
  13 elephants
  5 eyes of devastation
  A human skeleton (Vaults:1)
  4 guardian serpents
  26 black mambas
  2 toenail golems (D:7)
  12 vault sentinels
  20 naga magi
  3 gargoyles
  2 yaktaur zombies
  6 cane toads
  13 rime drakes
  An unseen horror (D:11)
  7 komodo dragons
  3 kobold demonologists
  An efreet (D:12)
  5 freezing wraiths
  30 yaktaurs
  An ice devil (D:11)
  5 tengu conjurers
  2 bloated husks (Swamp:2)
  19 polar bears
  11 tyrant leeches
  16 trolls
  16 hornets
  A dream sheep (shapeshifter) (Depths:1)
  5 glass eyes
  13 blink frogs
  A draconian simulacrum (Zot:1)
  4 jumping spiders
  2 air elementals
  Sigmund (D:4)
  108 slime creatures
  2 shadows
  2 wraiths
  Eustachio (D:4)
  4 water elementals
  4 basilisks
  A yak (shapeshifter) (D:15)
  A vampire (D:10)
  A wyvern (Lair:4)
  36 yaks
  A yellow draconian simulacrum (Zot:1)
  2 fire elementals
  11 golden eyes
  13 vampire mosquitoes
  9 humans (D:13)
  A warg (Orc:2)
  2 redbacks (Vaults:5)
  3 acid dragons
  26 swamp worms
  A glowing shapeshifter zombie (Vaults:1)
  54 nagas
  10 water moccasins
  2 hell hounds (Depths:4)
  2 moth of wrath simulacra (Zot:1)
  24 orc warriors
  14 swamp drakes
  4 black bears
  3 laughing skulls
  An ice beast (shapeshifter) (D:15)
  32 ogres
  6 boggarts
  A human zombie (Vaults:4)
  12 wolves
  3 centaurs
  6 earth elementals
  2 kobold brigands (D:10)
  2 gnoll sergeants
  11 bullfrogs
  5 scorpions
  6 killer bees
  5 electric eels
  A howler monkey (D:14)
  A lava snake (Lair:4)
  2 hounds (D:5)
  A jelly (shapeshifter) (D:13)
  A human simulacrum (Vaults:1)
  10 orc priests
  A bombardier beetle (D:5)
  2 sleepcaps
  2 gnoll boudas
  Jessica (D:2)
  6 iguanas
  18 orc wizards
  7 adders
  12 gnolls
  A dart slug (D:1)
  79 orcs
  9 ball pythons
  4 bats
  6 endoplasms
  4 giant cockroaches
  6 goblins
  9 hobgoblins
  10 jackals
  16 kobolds
  4 quokkas
  6 training dummies
  2 frilled lizards
  3 rats
2181 creatures vanquished.

Vanquished Creatures (collateral kills)
  A Killer Klown (Zot:3)
  the Lernaean hydra (Swamp:4)
  2 rockslimes (Slime:5)
  4 hydras
  A two-headed ogre (D:11)
  A death yak (Lair:5)
  2 skysharks
  A flayed ghost (D:11)
  A deep elf zephyrmancer (D:11)
  A manticore (D:11)
  2 fauns (Zot:3)
  3 elephants
  A slime creature (D:14)
  A torpor snail (Lair:4)
  A black mamba (Lair:5)
  3 cane toads
  A rime drake (Lair:1)
  3 komodo dragons
  An efreet (D:11)
  Grinder (D:5)
  A hornet (D:9)
  Grum (D:8)
  A wyvern (Lair:3)
  7 yaks
  4 basilisks
  A naga (Lair:2)
  3 water moccasins
  2 acid dragons
  A swamp drake (Lair:3)
  A laughing skull (D:11)
  4 orc warriors
  4 ogres
  2 centaurs
  A wolf (D:8)
  4 bullfrogs
  A gnoll sergeant (D:9)
  A scorpion (D:7)
  4 killer bees
  3 howler monkeys (D:9)
  A lava snake (D:7)
  4 orc priests
  A bombardier beetle (D:4)
  2 iguanas
  3 orc wizards
  5 gnolls (D:9)
  An adder (D:4)
  A shadow imp (D:8)
  10 orcs
106 creatures vanquished.

Vanquished Creatures (others)
  A deep elf annihilator (Elf:3)
1 creature vanquished.

Grand Total: 2288 creatures vanquished

Notes
Turn   | Place    | Note
-------+----------+-------------------------------------------
     0 | D:1      | gimp the Deep Elf Ice Elementalist began the quest for the
                  | Orb.
     0 | D:1      | Reached XP level 1. HP: 10/10 MP: 6/6
   209 | D:1      | Reached XP level 2. HP: 15/15 MP: 6/8
   503 | D:1      | Found Tutif Fut's Magic Scroll Boutique.
   510 | D:1      | Bought a scroll of teleportation for 42 gold pieces
   622 | D:1      | Reached skill level 4 in Spellcasting
   722 | D:1      | Reached skill level 5 in Ice Magic
   722 | D:1      | Reached XP level 3. HP: 19/19 MP: 7/10
   728 | D:1      | Learned a level 3 spell: Frozen Ramparts
  1168 | D:2      | Noticed Jessica
  1483 | D:2      | Learned a level 3 spell: Summon Ice Beast
  1771 | D:2      | Killed Jessica
  1772 | D:2      | Reached XP level 4. HP: 24/24 MP: 10/12
  2110 | D:3      | Learned a level 1 spell: Shock
  2401 | D:3      | Reached skill level 5 in Spellcasting
  2432 | D:3      | Found a hide-covered altar of Uskayaw.
  2693 | D:3      | Reached skill level 1 in Summonings
  3151 | D:4      | Reached XP level 5. HP: 28/28 MP: 10/14
  3255 | D:4      | Noticed a black bear
  3263 | D:4      | Killed a black bear
  3341 | D:4      | Reached skill level 6 in Spellcasting
  3447 | D:4      | Noticed Sigmund
  3581 | D:4      | Noticed an ogre
  3588 | D:4      | Killed an ogre
  3589 | D:4      | Reached XP level 6. HP: 32/32 MP: 10/17
  3714 | D:4      | Noticed Eustachio
  3725 | D:4      | Killed Eustachio
  3942 | D:4      | Reached skill level 7 in Spellcasting
  3942 | D:4      | Reached XP level 7. HP: 27/36 MP: 14/19
  4052 | D:4      | Killed Sigmund
  4397 | D:5      | Entered Level 5 of the Dungeon
  4409 | D:5      | Reached skill level 8 in Spellcasting
  4573 | D:5      | Noticed Grinder
  4716 | D:5      | Reached XP level 8. HP: 41/41 MP: 14/22
  4720 | D:5      | Learned a level 3 spell: Ozocubu's Armour
  4791 | D:5      | Found the +2 ratskin cloak {*Rats rPois rN+ Str-1 Int-1
                  | Dex+1}
  4968 | D:5      | Killed Grinder
  5061 | D:5      | Found an ancient bone altar of Kikubaaqudgha.
  5086 | D:5      | Found a blossoming altar of Fedhas.
  5089 | D:5      | Found a shimmering blue altar of Sif Muna.
  5114 | D:5      | You fall into a shaft and drop 1 floor!
  5178 | D:5      | Reached skill level 9 in Spellcasting
  5518 | D:5      | Identified the ring of Guhojuda {Fly rN+}
  5684 | D:6      | Reached skill level 10 in Spellcasting
  5686 | D:6      | Reached skill level 5 in Summonings
  5769 | D:6      | Found a radiant altar of Vehumet.
  5777 | D:6      | Became a worshipper of Vehumet
  5917 | D:6      | Reached XP level 9. HP: 37/45 MP: 16/25
  5922 | D:6      | Reached skill level 1 in Conjurations
  5988 | D:6      | Found a staircase to the Ecumenical Temple.
  6021 | D:6      | Found a sparkling altar of Nemelex Xobeh.
  6425 | D:7      | Found Wapsein's Antique Weapon Shop.
  6460 | D:7      | Found a glowing silver altar of Zin.
  6460 | D:7      | Found a shimmering altar of Xom.
  6460 | D:7      | Noticed an angel
  6486 | D:7      | Found a white marble altar of Elyvilon.
  6842 | D:7      | Reached skill level 11 in Spellcasting
  6903 | D:7      | Found an opulent altar of Gozag.
  7643 | D:8      | Identified the +4 ring mail "Tiyzih" {Int+4}
  7693 | D:8      | Got the Book of Blasting
  7711 | D:8      | Noticed Grum
  7742 | D:8      | Reached skill level 12 in Spellcasting
  7745 | D:8      | Killed Grum
  7973 | D:8      | Identified the +3 robe of Beogh's Grace {rElec Int+5}
  7995 | D:8      | Reached * piety under Vehumet
  7995 | D:8      | Offered knowledge of Sandblast by Vehumet.
  8117 | D:8      | Found a staircase to the Lair.
  8271 | D:8      | Reached skill level 13 in Spellcasting
  8528 | D:8      | Found a runed translucent gate.
  8528 | D:8      | Found a runed translucent gate.
  8528 | D:8      | Found a runed translucent gate.
  8528 | D:8      | Noticed a white ugly thing
  8528 | D:8      | Noticed a purple ugly thing
  8529 | D:8      | Noticed a cyan ugly thing
  8531 | D:8      | Noticed a green ugly thing
  8592 | D:9      | Found a basalt altar of Yredelemnul.
  8640 | D:9      | Noticed a two-headed ogre
  8652 | D:9      | Killed a two-headed ogre
  8653 | D:9      | Reached skill level 5 in Conjurations
  8653 | D:9      | Reached XP level 10. HP: 50/50 MP: 17/29
  8801 | D:9      | Reached skill level 14 in Spellcasting
  8875 | D:9      | Found a roughly hewn altar of Beogh.
  9171 | D:9      | Reached ** piety under Vehumet
  9171 | D:9      | Offered knowledge of Kiss of Death by Vehumet.
  9264 | D:9      | Reached skill level 15 in Spellcasting
  9274 | D:9      | Learned a level 4 spell: Olgreb's Toxic Radiance
  9374 | D:9      | Reached skill level 1 in Alchemy
  9434 | D:9      | Found a bloodstained altar of Trog.
  9438 | D:9      | Identified the -1 cloak "Dufoi" {rElec Regen+ Str-4 Stlth-}
  9451 | D:9      | Found Keqerchan's Book Emporium.
  9789 | D:9      | Found a hazy altar of Hepliaklqana.
  9806 | D:9      | Found a staircase to the Orcish Mines.
  9879 | D:10     | Entered Level 10 of the Dungeon
 10066 | D:10     | Noticed a two-headed ogre
 10077 | D:10     | Killed a two-headed ogre
 10360 | D:10     | Reached XP level 11. HP: 39/54 MP: 23/32
 10539 | D:10     | Reached skill level 5 in Dodging
 10566 | D:10     | Found an ornate altar of the Wu Jian Council.
 10977 | D:10     | Offered knowledge of Dazzling Flash by Vehumet.
 11474 | D:11     | Noticed a boulder beetle
 11481 | D:11     | Killed a boulder beetle
 11482 | D:11     | Noticed a deep elf knight
 11497 | D:11     | Killed a deep elf knight
 11498 | D:11     | Reached skill level 5 in Alchemy
 11713 | D:11     | Identified the +2 chain mail of Objectivity {^Drain rN++
                  | Dex+4}
 11713 | D:11     | Noticed a tengu warrior
 11719 | D:11     | Killed a tengu warrior
 11723 | D:11     | Reached *** piety under Vehumet
 11782 | D:11     | Noticed a red ugly thing
 11819 | D:11     | Killed a red ugly thing
 12081 | D:11     | Reached skill level 10 in Dodging
 12103 | D:11     | Noticed a two-headed ogre
 12110 | D:11     | Killed a two-headed ogre
 12249 | D:11     | Found the +3 Mad Mage's Maulers {Infuse+∞ VampMP -Cast}
 12254 | D:11     | Identified the staff of Victory {rElec Int+2 Dex+2 Tloc
                  | Air}
 12468 | D:11     | Noticed a deep elf zephyrmancer
 12473 | D:11     | Reached skill level 1 in Fighting
 12478 | D:11     | Killed a deep elf zephyrmancer
 12645 | D:11     | Identified the +10 arbalest "Riudouj" {elec, rF+ Int-2
                  | Dex+6}
 12645 | D:11     | Noticed a tengu warrior
 12777 | D:11     | Noticed a centaur warrior
 12891 | Lair:1   | Entered Level 1 of the Lair of Beasts
 12891 | Lair:1   | Found a sacrificial altar of Ru.
 13074 | Lair:1   | Offered knowledge of Volatile Blastmotes by Vehumet.
 13264 | Lair:1   | Reached XP level 12. HP: 52/63 MP: 20/33
 14063 | Lair:2   | Got Xouzinap's Omnibus of Ceraunoscopy
 14072 | Lair:2   | Reached skill level 16 in Spellcasting
 14570 | Lair:2   | Noticed an eight-headed hydra
 14614 | Lair:2   | Killed an eight-headed hydra
 14975 | Lair:2   | Found a staircase to the Snake Pit.
 15295 | Lair:3   | Reached **** piety under Vehumet
 15296 | Lair:3   | Reached skill level 5 in Fighting
 15370 | Lair:3   | Noticed an eight-headed hydra
 15386 | Lair:3   | Killed an eight-headed hydra
 15387 | Lair:3   | Reached skill level 17 in Spellcasting
 15387 | Lair:3   | Reached skill level 1 in Air Magic
 15548 | Lair:3   | Offered knowledge of Mephitic Cloud by Vehumet.
 15672 | Lair:3   | Learned a level 3 spell: Mephitic Cloud
 16272 | Lair:3   | Found a staircase to the Swamp.
 16746 | Lair:4   | Reached skill level 5 in Air Magic
 16937 | Lair:4   | Noticed a four-headed hydra
 16950 | Lair:4   | Killed a four-headed hydra
 16951 | Lair:4   | Reached skill level 18 in Spellcasting
 16957 | Lair:4   | Reached XP level 13. HP: 28/72 MP: 27/37
 17797 | Lair:4   | Found a blossoming altar of Fedhas.
 18372 | Lair:5   | Entered Level 5 of the Lair of Beasts
 18694 | Lair:5   | Reached skill level 19 in Spellcasting
 18933 | Lair:5   | Reached ***** piety under Vehumet
 18934 | Lair:5   | Offered knowledge of Eringya's Noxious Bog by Vehumet.
 19615 | Lair:5   | Reached skill level 20 in Spellcasting
 20211 | Lair:5   | Reached XP level 14. HP: 64/78 MP: 24/40
 20212 | Lair:5   | Reached skill level 21 in Spellcasting
 20420 | Lair:5   | Found a viscous altar of Jiyva.
 20426 | Lair:5   | Found a staircase to the Slime Pits.
 20452 | Lair:5   | Identified a scroll of acquirement
 20452 | Lair:5   | Acquired the Meditations on Energy
 20462 | Lair:5   | Learned a level 7 spell: Orb of Destruction
 21710 | Orc:1    | Entered Level 1 of the Orcish Mines
 21718 | Orc:1    | Offered knowledge of Spellforged Servitor by Vehumet.
 22245 | Orc:2    | Entered Level 2 of the Orcish Mines
 22251 | Orc:2    | Noticed Urug
 22587 | Orc:2    | Killed Urug
 22618 | Orc:2    | Reached skill level 22 in Spellcasting
 24828 | Orc:2    | Reached skill level 10 in Conjurations
 24828 | Orc:2    | Reached XP level 15. HP: 77/86 MP: 34/43
 24871 | Orc:2    | Reached skill level 23 in Spellcasting
 24977 | Orc:2    | Found a staircase to the Elven Halls.
 25184 | Orc:2    | Found Enluhi's Book Boutique.
 25243 | Orc:2    | Found Mileal's Weapon Boutique.
 25248 | Orc:2    | Found Sukkag's Book Emporium.
 25257 | Orc:2    | Found Damicwyl's Armour Shop.
 25552 | Orc:2    | Bought a book of the Spheres for 960 gold pieces
 25552 | Orc:2    | Bought a book of Armaments for 540 gold pieces
 25557 | Orc:2    | Learned a level 3 spell: Stone Arrow
 25563 | Orc:2    | Learned a level 5 spell: Fireball
 25872 | D:11     | Reached skill level 1 in Fire Magic
 26099 | D:11     | Offered knowledge of Irradiate by Vehumet.
 26107 | D:11     | Learned a level 5 spell: Irradiate
 26859 | D:12     | Noticed a sphinx
 26886 | D:12     | Noticed Nessos
 26892 | D:12     | Killed Nessos
 27123 | D:12     | Noticed a fire giant
 27139 | D:12     | Killed a fire giant
 27412 | D:12     | Noticed Snorg
 27416 | D:12     | Killed Snorg
 27511 | D:12     | Killed a sphinx
 27512 | D:12     | Reached skill level 5 in Fire Magic
 27662 | D:12     | Noticed Rupert
 27670 | D:12     | Paralysed by Rupert for 5 turns
 27683 | D:12     | Killed Rupert
 27912 | D:12     | Identified the +7 sling "Jibefeuf" {drain, rPois}
 28728 | D:13     | Identified the +0 ring mail of Supple Strength {Dex+5}
 29156 | D:13     | Offered knowledge of Ozocubu's Refrigeration by Vehumet.
 29382 | D:13     | Identified the +7 plate armour of Patience {rC+ Dex+4}
 29398 | D:13     | Found a gate to the Vaults.
 29470 | D:13     | Noticed Jorgrun
 29481 | D:13     | Killed Jorgrun
 30236 | D:14     | Noticed Lodul
 30240 | D:14     | Killed Lodul
 31314 | D:15     | Entered Level 15 of the Dungeon
 31656 | D:15     | Reached XP level 16. HP: 92/92 MP: 35/45
 31663 | D:15     | Reached skill level 24 in Spellcasting
 31797 | D:15     | Found a staircase to the Depths.
 32419 | D:15     | Learned a level 5 spell: Borgnjor's Vile Clutch
 32657 | D:15     | Reached skill level 1 in Earth Magic
 33204 | D:14     | Learned a level 7 spell: Ozocubu's Refrigeration
 33411 | Snake:1  | Entered Level 1 of the Snake Pit
 35277 | Snake:1  | Found Peyr's Jewellery Shoppe.
 35278 | Snake:1  | Found Zuacigeb's Book Boutique.
 35280 | Snake:1  | Found Ymeonuik's Jewellery Shoppe.
 35772 | Snake:2  | Reached skill level 10 in Ice Magic
 37360 | Snake:3  | Reached skill level 5 in Earth Magic
 37875 | Snake:3  | Offered knowledge of Bombard by Vehumet.
 37885 | Snake:2  | Learned a level 6 spell: Bombard
 38240 | Snake:3  | Identified the serpent talisman of Fortitude {rF- Str+3
                  | SInv Stlth+}
 38240 | Snake:3  | Noticed Aizul
 38250 | Snake:3  | Killed Aizul
 38276 | Snake:3  | Noticed Saint Roka
 38431 | Snake:3  | Killed Saint Roka
 38432 | Snake:3  | Reached skill level 1 in Shields
 38837 | Snake:3  | Reached XP level 17. HP: 96/96 MP: 42/47
 39109 | Snake:4  | Entered Level 4 of the Snake Pit
 39362 | Snake:4  | Reached ****** piety under Vehumet
 39438 | Snake:4  | Reached skill level 25 in Spellcasting
 41434 | Snake:4  | Offered knowledge of Lee's Rapid Deconstruction by Vehumet.
 42479 | Snake:4  | Reached skill level 10 in Fire Magic
 43092 | Snake:4  | Got a serpentine rune of Zot
 43299 | Swamp:1  | Entered Level 1 of the Swamp
 43384 | Swamp:1  | Noticed a tentacled monstrosity
 43390 | Swamp:1  | Killed a tentacled monstrosity
 43572 | Swamp:1  | Reached XP level 18. HP: 104/104 MP: 41/49
 43652 | Swamp:1  | Offered knowledge of Starburst by Vehumet.
 43696 | Swamp:1  | Reached skill level 5 in Shields
 43917 | Swamp:1  | Noticed Donald
 43924 | Swamp:1  | Killed Donald
 44054 | Swamp:1  | Learned a level 6 spell: Plasma Beam
 44250 | Swamp:2  | Noticed a tentacled monstrosity
 44254 | Swamp:2  | Killed a tentacled monstrosity
 44322 | Swamp:2  | Noticed a tentacled monstrosity
 44430 | Swamp:2  | Found a glacial archway.
 44437 | IceCv    | Entered an ice cave
 44791 | IceCv    | Identified the +0 pair of gloves "Moabuec" {rF++}
 45430 | IceCv    | Reached skill level 10 in Earth Magic
 45694 | IceCv    | Got Ynank's Writings on Cold
 45961 | Swamp:2  | Killed a tentacled monstrosity
 47253 | Swamp:3  | Reached skill level 10 in Air Magic
 47686 | Swamp:4  | Entered Level 4 of the Swamp
 48642 | Swamp:4  | Noticed the 27-headed Lernaean hydra
 48649 | Swamp:4  | Killed the 27-headed Lernaean hydra
 48650 | Swamp:4  | Reached XP level 19. HP: 110/110 MP: 6/50
 49000 | Swamp:4  | Found a shimmering altar of Xom.
 49470 | Swamp:4  | Got a decaying rune of Zot
 49779 | Vaults:1 | Entered Level 1 of the Vaults
 51420 | Vaults:1 | Offered knowledge of Shatter by Vehumet.
 51420 | Vaults:1 | Offered knowledge of Ignition by Vehumet.
 51420 | Vaults:1 | Offered knowledge of Maxwell's Capacitive Coupling by
                  | Vehumet.
 51432 | Vaults:1 | Learned a level 8 spell: Ignition
 51861 | Vaults:2 | Found a staircase to the Crypt.
 52020 | Vaults:2 | Found a transporter.
 52020 | Vaults:2 | Found Cammil's Magic Scroll Emporium.
 52838 | Snake:1  | Bought an amulet of reflection for 390 gold pieces
 53690 | Vaults:2 | Noticed Asterion
 53692 | Vaults:2 | Noticed Agnes
 53815 | Vaults:2 | Found a transporter.
 54203 | Vaults:2 | Found Soscha Idau's Antique Weapon Emporium.
 54250 | Vaults:2 | Bought 3 scrolls of blinking for 517 gold pieces
 54250 | Vaults:2 | Bought a scroll of amnesia for 92 gold pieces
 54261 | Vaults:2 | Learned a level 8 spell: Maxwell's Capacitive Coupling
 54385 | Vaults:2 | Killed Asterion
 54422 | Vaults:2 | Reached skill level 15 in Fire Magic
 54422 | Vaults:2 | Reached XP level 20. HP: 115/115 MP: 40/51
 54426 | Vaults:2 | Killed Agnes
 54575 | Vaults:2 | Found Qiwkiddo's Weapon Boutique.
 56791 | D:9      | Bought a manual of Shields for 1280 gold pieces
 57198 | Vaults:4 | Reached skill level 15 in Air Magic
 57819 | Vaults:4 | Noticed Bai Suzhen
 57827 | Vaults:4 | Killed Bai Suzhen
 57874 | Vaults:4 | Reached skill level 10 in Shields
 57874 | Vaults:4 | Reached XP level 21. HP: 120/120 MP: 49/52
 59260 | Elf:1    | Entered Level 1 of the Elven Halls
 60164 | Elf:1    | Found Byovve's Magic Scroll Shoppe.
 61081 | Elf:2    | Identified the +0 leather armour of the Bard {Str+2}
 62001 | Elf:2    | Found a runed translucent gate.
 62002 | Elf:2    | Found a runed translucent gate.
 62002 | Elf:2    | Found a runed translucent gate.
 62052 | Elf:2    | Identified the +7 plate armour of Rirragec {rC- Str+6
                  | Dex+3}
 62306 | Elf:3    | Entered Level 3 of the Elven Halls
 62417 | Elf:3    | Acquired a book of Minor Magic
 62422 | Elf:3    | Learned a level 2 spell: Blink
 63109 | Elf:3    | Identified the +9 plate armour "Sobbugh" {rC+}
 63290 | Elf:3    | Identified the +4 chain mail "Agryofaps" {rN+ Will++ rCorr
                  | Dex-2}
 63618 | Elf:3    | Identified the +8 rapier "Jyberph" {venom, Int+3}
 63618 | Elf:3    | Identified the ring "Etzi Muat" {Will+ MP+9 Dex+4}
 63622 | Elf:3    | Reached XP level 22. HP: 125/125 MP: 46/53
 64008 | Elf:3    | Got the Notes on Illusory Glamour
 64023 | Elf:3    | Got the Monograph on Isometric Flames
 64082 | Elf:3    | Got Kucveam's Octavo of Concerted Maleficia
 64288 | Elf:3    | Noticed Roxanne
 64317 | Elf:3    | Killed Roxanne
 64879 | Slime:1  | Entered Level 1 of the Pits of Slime
 65110 | Slime:2  | Gained mutation: You occasionally lose the ability to drink
                  | potions when taking damage. [a shining eye]
 66479 | Slime:5  | Entered Level 5 of the Pits of Slime
 66744 | Slime:5  | Noticed the Royal Jelly
 66749 | Slime:5  | Killed the Royal Jelly
 66977 | Slime:5  | Reached skill level 15 in Conjurations
 67329 | Slime:5  | Identified the staff of Onluz {Will- Int+3 Earth}
 67336 | Slime:5  | Identified the +6 whip "Asaqote" {vamp, rC- MP+9 Str+3
                  | Dex+2}
 67484 | Slime:5  | Identified the staff "Xirchi" {rC+ rN+ Summ Tloc Earth}
 67633 | Slime:5  | Got a slimy rune of Zot
 67636 | Slime:5  | Identified the +4 shortbow of the Pits of Slime {flame, Fly
                  | MP+9 Stlth+}
 67758 | Slime:5  | Identified the +9 hand axe "Xic Suerph" {heavy, Will+ Str+3
                  | Dex+2}
 67760 | Slime:5  | Identified the staff of Nariheps {^Drain Str+6 Int-4 Dex+4
                  | Conj}
 67761 | Slime:5  | Identified the ring of Xocidwuo {Str-5 Int+4 Dex+6}
 68357 | Depths:1 | Entered Level 1 of the Depths
 69320 | Depths:1 | Reached XP level 23. HP: 129/129 MP: 46/54
 69610 | Depths:1 | Found a gateway to Hell.
 69807 | Depths:1 | Found Roxumun's Firing Range.
 69812 | Depths:1 | Bought 2 throwing nets for 102 gold pieces
 69977 | Depths:2 | Found a stormy altar of Qazlal.
 70234 | Depths:2 | Found a flickering gateway to a bazaar.
 70243 | Bazaar   | Entered a bazaar
 70243 | Bazaar   | Found Huwig's Distillery.
 70358 | Bazaar   | Found Ibbi's Antique Armour Boutique.
 70373 | Bazaar   | Found Keunk's Weapon Boutique.
 70380 | Bazaar   | Bought a throwing net for 27 gold pieces
 70401 | Bazaar   | Found Vurid's General Store.
 70424 | Bazaar   | Bought a potion of brilliance for 44 gold pieces
 70424 | Bazaar   | Bought a scroll of revelation for 82 gold pieces
 70439 | Bazaar   | Bought a potion of cancellation for 88 gold pieces
 70439 | Bazaar   | Bought a potion of heal wounds for 55 gold pieces
 70439 | Bazaar   | Bought a potion of ambrosia for 88 gold pieces
 70439 | Bazaar   | Bought a potion of heal wounds for 55 gold pieces
 70446 | Bazaar   | Bought a pair of embroidered boots for 165 gold pieces
 70538 | Depths:2 | Found a bloodstained altar of Trog.
 70602 | Depths:2 | Found a one-way gate leading to the halls of Pandemonium.
 71319 | Depths:2 | Identified the flux talisman "Sutugguv" {Will+ SInv}
 71490 | Depths:3 | Found a one-way gateway to a ziggurat.
 71989 | Depths:3 | Found Duelesiena's Self-Improvement Boutique.
 72150 | Depths:3 | Found a one-way gate to the infinite horrors of the Abyss.
 72693 | Depths:3 | Identified the +8 trident of Hapelage {speed, rC+}
 73226 | Depths:4 | Entered Level 4 of the Depths
 73357 | Depths:4 | Noticed a juggernaut
 73361 | Depths:4 | Killed a juggernaut
 73384 | Depths:4 | Found a runed translucent door.
 73384 | Depths:4 | Found a shimmering altar of Xom.
 73384 | Depths:4 | Noticed Jajuenucs's ghost (veteran GnWn)
 73512 | Depths:4 | Reached skill level 15 in Shields
 74349 | Depths:4 | Reached skill level 10 in Fighting
 74382 | Depths:4 | Reached XP level 24. HP: 137/137 MP: 54/54
 74890 | Depths:4 | Found a gate to the Realm of Zot.
 75496 | Vaults:4 | Learned a level 9 spell: Chain Lightning
 75497 | Vaults:5 | Entered Level 5 of the Vaults
 75498 | Vaults:5 | Noticed Sojobo
 75662 | Vaults:5 | Noticed Margery
 75669 | Vaults:5 | Killed Sojobo
 75669 | Vaults:5 | Killed Margery
 75693 | Vaults:5 | Noticed Mara
 76109 | Vaults:5 | Noticed an ancient lich
 76114 | Vaults:5 | Killed an ancient lich
 76115 | Vaults:5 | Reached skill level 15 in Dodging
 76165 | Vaults:5 | Noticed an ancient lich
 76169 | Vaults:5 | Killed an ancient lich
 76607 | Vaults:5 | Identified the ring "Keopim" {rPois MP+9 Str+3}
 76611 | Vaults:5 | Identified the +1 war axe of the Riding Vulture {drain,
                  | rCorr Str+3 Dex-4 SInv}
 76618 | Vaults:5 | Reached XP level 25. HP: 119/147 MP: 47/54
 76766 | Vaults:5 | Identified the +5 double sword of Haepted {drain, rF- rCorr
                  | Dex+3 Stlth+}
 76902 | Vaults:5 | Got the Precepts of Linear Adjuration
 76931 | Vaults:5 | Learned a level 2 spell: Blink
 76999 | Vaults:5 | Noticed gimp's illusion
 76999 | Vaults:5 | Killed Mara
 77161 | Vaults:5 | Found Non Madgh's Magic Scroll Shop.
 77161 | Vaults:5 | Found Zemnomam's Magic Scroll Shoppe.
 77166 | Vaults:5 | Bought a scroll of teleportation for 42 gold pieces
 77166 | Vaults:5 | Bought a scroll of teleportation for 42 gold pieces
 77166 | Vaults:5 | Bought a scroll of teleportation for 42 gold pieces
 77166 | Vaults:5 | Bought a scroll of teleportation for 42 gold pieces
 77166 | Vaults:5 | Bought a scroll of fog for 56 gold pieces
 77173 | Vaults:5 | Bought a scroll of teleportation for 45 gold pieces
 77173 | Vaults:5 | Bought a scroll of fear for 60 gold pieces
 77173 | Vaults:5 | Bought a scroll of fear for 60 gold pieces
 77173 | Vaults:5 | Bought a scroll of revelation for 112 gold pieces
 77336 | Vaults:5 | Found the +5 Storm Queen's Shield {shock, Fly rElec}
 77465 | Vaults:5 | Got a silver rune of Zot
 77637 | Vaults:5 | Found Muju's Magic Scroll Shop.
 77642 | Vaults:5 | Bought a scroll of teleportation for 42 gold pieces
 77642 | Vaults:5 | Bought a scroll of blinking for 105 gold pieces
 77642 | Vaults:5 | Bought a scroll of revelation for 105 gold pieces
 77642 | Vaults:5 | Bought a scroll of revelation for 105 gold pieces
 77669 | Vaults:5 | Found Gemenof's Magic Scroll Boutique.
 77674 | Vaults:5 | Bought a scroll of blinking for 82 gold pieces
 77674 | Vaults:5 | Bought a scroll of blinking for 82 gold pieces
 77674 | Vaults:5 | Bought a scroll of teleportation for 33 gold pieces
 77674 | Vaults:5 | Bought a scroll of fog for 44 gold pieces
 78124 | Zot:1    | Entered Level 1 of the Realm of Zot
 78409 | Zot:1    | Identified the ring "Emeyjehut" {Ice rN+ Int+3 Slay+3 SInv}
 78409 | Zot:1    | Noticed Josephina
 78422 | Zot:1    | Killed Josephina
 79311 | Zot:2    | Noticed a Killer Klown
 79584 | Zot:2    | Found the dreamshard necklace {Acrobat *Dream}
 79695 | Zot:2    | Killed a Killer Klown
 81124 | Zot:3    | Noticed a Killer Klown
 81132 | Zot:3    | Killed a Killer Klown
 81877 | Zot:3    | Noticed a dread lich
 81886 | Zot:3    | Killed a dread lich
 82427 | Zot:3    | Noticed an ancient lich
 82431 | Zot:3    | Killed an ancient lich
 82950 | Zot:3    | Reached XP level 26. HP: 158/158 MP: 35/54
 83500 | Zot:4    | Noticed Parghit
 84043 | Zot:4    | Killed Parghit
 84624 | Zot:5    | Entered Level 5 of the Realm of Zot
 85554 | Zot:5    | Noticed a dread lich
 85564 | Zot:5    | Killed a dread lich
 85638 | Zot:5    | Noticed an orb of fire
 85647 | Zot:5    | Killed an orb of fire
 85707 | Zot:5    | Noticed an orb of fire
 85716 | Zot:5    | Reached skill level 15 in Fighting
 85716 | Zot:5    | Gained mutation: You occasionally lose the ability to read
                  | scrolls when taking damage. [an orb of fire]
 85719 | Zot:5    | Killed an orb of fire
 85933 | Zot:5    | Noticed an orb of fire
 85936 | Zot:5    | Noticed an ancient lich
 85937 | Zot:5    | Killed an orb of fire
 85947 | Zot:5    | Killed an ancient lich
 86002 | Zot:5    | Noticed an ancient lich
 86006 | Zot:5    | Killed an ancient lich
 86336 | Zot:5    | Noticed an ancient lich
 86339 | Zot:5    | Killed an ancient lich
 86734 | Zot:5    | Noticed an ancient lich
 86738 | Zot:5    | Killed an ancient lich
 86909 | Zot:5    | Got the Orb of Zot
 87500 | D:$      | Escaped with the Orb!

Illustrated notes

Levels and vault maps discovered:
D:1:      grunt_arrival_crossed_arrows, layout_basic, serial_shops, shop
D:2:      layout_loops_corners, due_unseen_surprise, uniq_jessica
D:3:      layout_basic, nicolae_uskayaw_dance_hall, grunt_ministairs_10,
          chequers_big_river, nrook_mini_vaults, minmay_misc_feat_encased
D:4:      layout_loops_ring, patterned_corridor, uniq_sigmund, uniq_eustachio
D:5:      layout_loops_ring, grunt_temple_overflow_diamond, moated_statue,
          uniq_grinder
D:6:      layout_basic, nemelex_spade_bored_becter, nicolae_vehumet_radiance,
          minmay_temple_entry_arrows
D:7:      layout_basic, grunt_temple_overflow_order_and_chaos_1,
          mainiacjoe_overflow_alcove_4, old_standard_altar, serial_shops,
          nicolae_shop_competitors_out_of_business, kennysheep_cross_room
D:8:      layout_basic, dpeg_oklobed_lair,
          ploomutoo_gammafunk_ghost_potion_laboratory, uniq_grum
D:9:      layout_cave_pools, mainiacjoe_overflow_chevrons,
          mainiacjoe_overflow_surrounded_room, lemuel_coloured_pillars_altar,
          david_orc_5, nicolae_wooded_promenade
D:10:     layout_stronghold, mainiacjoe_overflow_24_doors
D:11:     layout_basic, minmay_misc_feat_plants, nicolae_rejected_hall
D:12:     minmay_mutant_horseshoe, layout_basic, nicolae_lava_and_water,
          uniq_snorg, uniq_rupert, uniq_nessos
D:13:     layout_roguey, ximxim_vaults_locker_room, serial_aquarium,
          aquarium_bridge_square [aquarium_subvault_bridge,
          aquarium_subvault_window, aquarium_subvault_wall,
          aquarium_subvault_bridge], aquarium_window_fake, aquarium_window_1,
          aquarium_window_corner, aquarium_window_1, aquarium_view_2d,
          aquarium_view_2c, aquarium_balcony_3a, nicolae_twisty_statue_hallways,
          uniq_jorgrun
D:14:     layout_basic, hangedman_abyss_or_decor_passed, nicolae_letterblocks
          [nicolae_letter_subblock, nicolae_letter_subblock,
          nicolae_letter_subblock, nicolae_letter_subblock,
          nicolae_letter_subblock, nicolae_letter_subblock,
          nicolae_letter_subblock, nicolae_letter_subblock,
          nicolae_letter_subblock, nicolae_letter_subblock,
          nicolae_letter_subblock, nicolae_letter_subblock,
          nicolae_letter_subblock, nicolae_letter_subblock,
          nicolae_letter_subblock, nicolae_letter_subblock,
          nicolae_letter_subblock, nicolae_letter_subblock,
          nicolae_letter_subblock, nicolae_letter_subblock,
          nicolae_letter_subblock, nicolae_letter_subblock,
          nicolae_letter_subblock, nicolae_letter_subblock,
          nicolae_letter_subblock], uniq_lodul
D:15:     hangedman_depths_entry_try_elsewhere_first, layout_basic,
          serial_co_window_serial, co_window_paths_b, co_window_paths_a,
          co_window_paths_b, co_window_corner_a, co_window_paths_a,
          co_window_unsneaky_path_c, co_window_2corner, co_window_broadway_a,
          co_window_corner_cb, co_window_unsneaky_path_b,
          co_window_of_opportunity_c, co_window_broadway_c, glass_columns_a
Lair:1:   layout_roguey, basic_altar, dreamdust_gnoll_shepherd
Lair:2:   beargit_carnivore_pack, layout_regular_city,
          nicolae_snake_entry_squirm, grunt_megastairs_2
Lair:3:   layout_regular_city, minmay_swamp_entry_reptiles, st_stairs_10,
          beast_lair_carwin_4
Lair:4:   cheibrodos_magma_flow, layout_loops_ring, tgw_fedhas
Lair:5:   evilmike_catoblepas_cave, layout_loops_ring, slime_entry_1
Swamp:1:  layout_falls_marsh, evilmike_swamp_ruin_rubble_1, swamp_pool_1_2,
          hangedman_swamp_wriggling, nicolae_swamp_tree_isthmus, uniq_donald
Swamp:2:  layout_basic_swamp, portal_ice_cave_entry_dragon,
          nicolae_swamp_well_well_well
Swamp:3:  layout_falls_marsh, evilmike_swamp_ruin_house_6, swamp_pool_5,
          hangedman_swamp_lotus
Swamp:4:  swamp_old_school, layout_basic_swamp, swamp_pool_5,
          lemuel_altar_in_water, infiniplex_staircase_pool
Snake:1:  layout_layer_cave, nicolae_integral_box, minmay_shop_grove
Snake:2:  layout_grid_maze, serial_bayou_shore_b
Snake:3:  layout_misc_corridors, uniq_aizul, uniq_saint_roka
Snake:4:  grunt_snake_rune_pools, layout_chambers, nicolae_snake_squiggles
Slime:1:  layout_caves
Slime:2:  layout_caves
Slime:3:  layout_caves, nicolae_slime_getting_an_eyeful
Slime:4:  nicolae_slime_pool, layout_caves
Slime:5:  slime_pit_nicolae_inversion
Orc:1:    layout_caves
Orc:2:    st_orc_open, layout_diamond_mine, nicolae_orc_hostile_takeover,
          elves_outpost_lemuel, uniq_urug
Elf:1:    nicolae_elf_arrival_no_cutting_in_line, layout_loops_corners,
          serial_shops, shop, kb_rosetta
Elf:2:    nicolae_elf_blades_crystal_corner, layout_onion_city, minivault_14
Elf:3:    grunt_elf_hall_spiral, layout_gridlike, grunt_ministairs_6,
          nicolae_elf_archery_training, uniq_roxanne
Vaults:1: nicolae_vaults_surprise_closet, nicolae_vaults_an_arrangement,
          hangedman_vaults_nails, grunt_vaults_diagonal, ontoclasm_vaults_idyll,
          nicolae_vaults_shrinking_rooms_2, nicolae_vaults_layer_cake_slice,
          ontoclasm_vaults_gateway, vaults_mumra_lcd, nicolae_vaults_gold_heap,
          nicolae_vaults_surprise_closet, layout_vaults_maze_snakey
Vaults:2: nicolae_vaults_sesquioval_fish, minmay_crypt_entry_simple_sparse,
          nicolae_vaults_tetromino_L_2, nicolae_vaults_network_quinsquares
          [nicolae_vaults_network_quincunx_subvault,
          nicolae_vaults_network_quincunx_subvault,
          nicolae_vaults_network_quincunx_subvault,
          nicolae_vaults_network_quincunx_subvault], vaults_mumra_minichess,
          nicolae_vaults_rhombus_5, sword_in_stone,
          nicolae_vaults_tetromino_Z_2, nicolae_vaults_apartment_1,
          nicolae_vaults_six-pack, nicolae_vaults_tetromino_T_1,
          layout_vaults_omnigrid, serial_shops, nicolae_shop_drivethru, shop,
          shop
Vaults:3: v_alt_pattern_6, nicolae_vaults_diamond_2, ontoclasm_vaults_bender,
          vaults_mumra_hex, nicolae_vaults_trapezoid_lopsided_1,
          minmay_orc_keep, nicolae_vaults_turnstiles,
          nicolae_vaults_network_square, v_misc_26,
          nicolae_vaults_shipping_containers_5, vaults_dpeg_doors, v_misc_25,
          nicolae_vaults_circle_grid_a, layout_vaults_omnibox
Vaults:4: lightli_orcish_oven, ontoclasm_vaults_decontamination,
          hangedman_vaults_snaps, nicolae_vaults_door_testing_chamber,
          vaults_room_hallway, v_misc_27, nicolae_vaults_meiosis,
          vaults_room_semicircle, nicolae_vaults_yaktaur_gun_rack,
          nicolae_vaults_layer_cake_slice, layout_vaults_omnicross,
          uniq_bai_suzhen
Vaults:5: uniq_mara, uniq_sojobo, uniq_margery
Depths:1: minmay_roctagon, layout_small_grid, hell_entry,
          hangedman_decor_opposing, nicolae_shop_firing_range,
          grunt_megastairs_5
Depths:2: minmay_blocking_statues, layout_basic, grunt_qazlal_clouds,
          hell_entry, grunt_pan_entry_in_and_out, serial_shops, bzr_firewalk,
          bloody_trog
Depths:3: minmay_tri_box, layout_cave_shapes, enter_ziggurat_d,
          grunt_decor_resistance, hangedman_coc_ice_floe,
          hangedman_abyss_entry_splay, nicolae_shop_self_help, firewood_loft,
          infiniplex_staircase_zigzag_5, uniq_grunn
Depths:4: lemuel_castle_with_subvaults [lemuel_castle_interior_original],
          layout_cave_shapes, abyss_entry_small_statue_room, ebering_ghost_xom,
          grunt_decor_one_mirror, hell_entry
Zot:1:    layout_onion_interference, uniq_josephina
Zot:2:    layout_twisted_circle, grunt_ministairs_6
Zot:3:    hellmonk_paralyzer, layout_twisted_circle, hangedman_player_shredder
Zot:4:    layout_basic, uniq_parghit
Zot:5:    layout_cathedral_of_symmetry

Skill      XL: |  1  2  3  4  5  6  7  8  9 10 11 12 13 14 15 16 17 18 19 20 21 22 23 24 25 26 |
---------------+-------------------------------------------------------------------------------+-----
Spellcasting   | 4 5 6 7 8 10 13 15 18 20 22 23 24 25 | 25.0
Ice Magic      | 5 6 7 9 12 14 | 14.0
Summonings     | 1 2 3 5 6 |  6.0
Conjurations   | 5 7 8 10 11 12 13 15 17 19 21 22 | 22.0
Alchemy        | 3 5 |  5.0
Dodging        | 4 11 13 14 15 18 21 | 21.9
Fighting       | 2 5 7 8 9 10 12 14 15 | 15.7
Air Magic      | 5 9 10 13 15 18 20 22 | 22.0
Fire Magic     | 8 9 10 12 15 17 | 17.0
Earth Magic    | 6 8 10 | 10.0
Shields        | 1 4 7 8 10 12 14 15 16 | 16.0
Stealth        | |  2.4

Action                     |  1- 3 |  4- 6 |  7- 9 | 10-12 | 13-15 | 16-18 | 19-21 | 22-24 | 25-27 || total
---------------------------+-------+-------+-------+-------+-------+-------+-------+-------+-------++-------
  Melee: Dagger            |     2 |     3 |     3 |     8 |       |       |       |       |       ||    16
         Staff             |       |       |       |     4 |     3 |       |    11 |     5 |       ||    23
   Cast: Freeze            |    56 |    57 |    56 |   132 |   170 |       |       |       |       ||   471
         Summon Ice Beast  |       |     4 |    32 |    61 |    31 |       |       |       |       ||   128
         Frozen Ramparts   |       |     3 |    46 |    53 |    23 |     1 |       |       |       ||   126
         Ozocubu's Armour  |       |       |    15 |    43 |    26 |       |       |       |       ||    84
         Shock             |       |       |     2 |    15 |     2 |       |       |       |       ||    19
         Olgreb's Toxic Ra |       |       |       |   109 |   244 |     3 |       |       |       ||   356
         Mephitic Cloud    |       |       |       |     1 |    10 |       |       |       |       ||    11
         Orb of Destructio |       |       |       |       |    94 |    53 |     9 |       |       ||   156
         Stone Arrow       |       |       |       |       |   157 |   135 |    17 |     2 |       ||   311
         Fireball          |       |       |       |       |    16 |    39 |    41 |    12 |     4 ||   112
         Irradiate         |       |       |       |       |    10 |    27 |    18 |    11 |     8 ||    74
         Ozocubu's Refrige |       |       |       |       |       |   267 |    30 |    67 |     6 ||   370
         Plasma Beam       |       |       |       |       |       |   145 |   367 |   139 |    96 ||   747
         Bombard           |       |       |       |       |       |    12 |    48 |   122 |   208 ||   390
         Ignition          |       |       |       |       |       |       |    38 |    64 |    23 ||   125
         Maxwell's Capacit |       |       |       |       |       |       |     4 |   147 |    93 ||   244
         Blink             |       |       |       |       |       |       |     1 |     2 |       ||     3
  Evoke: Phantom mirror    |       |       |       |       |       |     1 |       |       |       ||     1
         Lightning rod     |       |       |       |       |       |       |     1 |       |       ||     1
         Wand              |       |       |       |       |       |       |     2 |       |       ||     2
    Use: Scroll            |       |       |       |    18 |    14 |     4 |    13 |     8 |    12 ||    69
         Potion            |       |       |       |       |       |       |       |     1 |     4 ||     5
   Stab: Sleeping          |     1 |       |       |       |       |       |       |       |       ||     1
         Distracted        |       |       |       |     1 |       |       |       |       |       ||     1
 Armour: Robe              |    19 |    26 |    29 |   129 |    90 |    83 |    78 |   108 |    93 ||   655
         Leather armour    |       |       |    16 |       |   117 |    13 |       |       |       ||   146
  Dodge: Dodged            |    21 |    28 |    23 |   140 |   236 |    37 |    34 |    41 |    42 ||   602
         Repelled          |     2 |       |     1 |    11 |    12 |    19 |     9 |    25 |    66 ||   145
  Block: Buckler           |       |       |       |       |       |    10 |    42 |     2 |       ||    54
         Reflection        |       |       |       |       |       |       |    15 |     6 |       ||    21
         Kite shield       |       |       |       |       |       |       |       |    84 |   102 ||   186

Table legend: (Time is in decaauts)
 A = Elapsed time spent in this place.
 B = Non-inter-level travel time spent in this place.
 C = Inter-level travel time spent in this place.
 D = Time resting spent in this place.
 E = Time spent auto-exploring this place.
 F = Levels seen in this place.
 G = Mean time per level.
                   A        B        C        D        E       F      G
               +--------+--------+--------+--------+--------+-----+--------+
         Total |  87592 |  80860 |   6732 |   2599 |  66157 |  54 | 1622.1 |
       Dungeon |  22423 |  20132 |   2291 |     38 |  16947 |  15 | 1494.9 |
          Lair |   9328 |   8338 |    990 |    246 |   6796 |   5 | 1865.6 |
         Swamp |   4951 |   4715 |    236 |    157 |   3932 |   4 | 1237.8 |
     Snake Pit |   9999 |   9538 |    461 |    446 |   8157 |   4 | 2499.8 |
    Slime Pits |   3191 |   3055 |    136 |    167 |   2439 |   5 |  638.2 |
  Orcish Mines |   4244 |   3913 |    331 |    441 |   2874 |   2 | 2122.0 |
   Elven Halls |   5313 |   5102 |    211 |    303 |   4062 |   3 | 1771.0 |
        Vaults |  10941 |   9880 |   1061 |    377 |   8042 |   5 | 2188.2 |
        Depths |   6723 |   6232 |    491 |    189 |   4933 |   4 | 1680.8 |
           Zot |   8776 |   8256 |    520 |    235 |   6502 |   5 | 1755.2 |
        Bazaar |    230 |    230 |      0 |      0 |    169 |   1 |  230.0 |
      Ice Cave |   1470 |   1470 |      0 |      0 |   1301 |   1 | 1470.0 |
               +--------+--------+--------+--------+--------+-----+--------+

Top non-repeatable levels by time:
 Snake:4: 3723 daAuts
Vaults:2: 2883 daAuts
    D:11: 2862 daAuts
  Lair:5: 2489 daAuts
   Orc:1: 2475 daAuts
  Lair:4: 2419 daAuts
   Elf:3: 2284 daAuts
 Snake:2: 2223 daAuts
   Zot:5: 2220 daAuts
 Snake:1: 2216 daAuts
Vaults:3: 2163 daAuts
    D:15: 2163 daAuts
Depths:4: 2141 daAuts
   Zot:3: 2130 daAuts
Vaults:4: 2113 daAuts
